 Dungeon Crawl Stone Soup version 0.18-a0-1799-g6250cb2 (webtiles) character file.

41 macross the Sneak (level 3, 0/18 HPs)
             Began as a Vine Stalker Assassin on Apr 23, 2016.
             Slain by an adder (1 damage)
             ... on level 2 of the Dungeon.
             The game lasted 00:01:42 (935 turns).

macross the Sneak (Vine Stalker Assassin)            Turns: 935, Time: 00:01:43

Health: 0/18       AC:  3    Str: 13    XL:     3   Next: 52%
Magic:  0/4        EV: 12    Int: 11    God:
Gold:   55         SH:  0    Dex: 16    Spells: 0 memorised, 2 levels left

rFire  . . .     SeeInvis .     a - +2 dagger
rCold  . . .     Gourm    .     c - +0 robe
rNeg   . . .     Faith    .     (no shield)
rPois  .         Spirit   +     (no helmet)
rElec  .         Dismiss  .     d - +0 cloak
rCorr  .         Reflect  .     (no gloves)
SustAt +         Harm     .     (no boots)
MR     .....     Rnd*Tele +     (no amulet)
Stlth  +++.......               l - ring of sustain attributes
                                h - ring of teleportation (curse)

@: lethally poisoned (0 -> 0), not resistant to hostile enchantments, fairly
stealthy
A: fangs 2, regeneration 1, magic shield, antimagic bite, no device heal 3, rot
immunity
a: no special abilities


You were on level 2 of the Dungeon.
You were not hungry.

You visited 1 branch of the dungeon, and saw 2 of its levels.

You collected 55 gold pieces.

Inventory:

Hand Weapons
 a - a +2 dagger (weapon)
 b - a +0 blowgun
Missiles
 e - 8 poisoned needles
 f - 2 curare-tipped needles
Armour
 c - a +0 robe (worn)
 d - a +0 cloak (worn)
Jewellery
 h - a cursed ring of teleportation (left hand)
 l - a ring of sustain attributes (right hand)
Scrolls
 i - a scroll of random uselessness {unknown}
 j - a scroll of enchant armour {unknown}
Potions
 k - a potion of lignification {unknown}
 m - a potion of curing {unknown}
 n - a potion of flight {unknown}
 p - a potion of brilliance {unknown}
Comestibles
 g - 2 bread rations
 o - 2 meat rations


   Skills:
 + Level 2.0 Fighting
 * Level 2.1 Short Blades
 - Level 1.7 Throwing
 * Level 1.1 Dodging
 * Level 5.9 Stealth


You had 2 spell levels left.
You didn't know any spells.

Dungeon Overview and Level Annotations

Branches:
Dungeon (2/15)

Altars:


Innate Abilities, Weirdness & Mutations

You have extremely sharp teeth.
Your natural rate of healing is unusually fast.
When hurt, damage is shared between your health and your magic reserves.
Your bite disrupts and absorbs the magic of your enemies.
Potions and wands cannot restore your health.
You are immune to rotting.


Message History

You feel sick. The adder barely misses you.
You hit the adder. Your bite misses the adder.
The adder is almost dead.
* * * LOW HITPOINT WARNING * * *
You feel sick. The adder misses you.
You miss the adder. Your bite misses the adder.
The adder is severely wounded.
The adder completely misses you.
* * * LOW HITPOINT WARNING * * *
You feel sick. The adder barely misses you.
The adder bites you but does no damage.
* * * LOW HITPOINT WARNING * * *
You feel sick.
* * * LOW HITPOINT WARNING * * *
You feel sick. The adder misses you.
* * * LOW HITPOINT WARNING * * *
You feel sick. The adder bites you.
You die...

###.####........##.........
#.#.#.).###†.......######
#..#.#..# #...##..###
#.####..# #...#.....#
#.......# #...#...#.#
####.##.###.......#.#
#......)......##.#
########..##.....###
#....@S......#
##..########.#
##.########.# ..........#
########.......# #.........
##########


You could see an adder.

Vanquished Creatures
  An adder (D:2)
  An ooze (D:1)
  2 worms (D:2)
  A dart slug (D:1)
  2 giant geckos (D:2)
  A bat (D:1)
  A giant cockroach (D:2)
  2 goblins (D:1)
  A hobgoblin (D:1)
  A giant newt (D:1)
  2 kobolds
  4 rats
19 creatures vanquished.

Notes
Turn   | Place    | Note
--------------------------------------------------------------
     0 | D:1      | macross the Vine Stalker Assassin began the quest for the Orb.
     0 | D:1      | Reached XP level 1. HP: 11/11 MP: 2/2
    82 | D:1      | Reached skill level 1 in Dodging
    82 | D:1      | Reached skill level 5 in Stealth
   106 | D:1      | Reached XP level 2. HP: 12/15 MP: 1/3
   791 | D:2      | Reached XP level 3. HP: 18/18 MP: 4/4
   935 | D:2      | Slain by an adder

Vault maps used:
D:1:      grunt_arrival_lava_bath
D:2:      minmay_misc_feat_tiny, minmay_box_of_dots

Skill      XL: |  1  2 |
---------------+-------+-----
Dodging        | 1 |  1.1
Stealth        | 5 |  5.9
Short Blades   | 2 |  2.1
Fighting       | 2 |  2.0
Throwing       | |  1.7

Action                   || total
-------------------------++-------
Melee: Dagger            ||    62
       Bite              ||    12
 Stab: Sleeping          ||     5
Armor: Robe              ||    11
Dodge: Dodged            ||    38
